 Dungeon Crawl Stone Soup version 0.28-a0-973-ga7f8b01127 (webtiles) character file.

Game seed: 699514608913743460

4396 emperorscorpion the Thaumaturge (level 10, -1/60 HPs)
             Began as a Djinni Delver on Dec 1, 2021.
             Was a Plaything of Xom.
             Slain by an acid dragon (5 damage)
             ... on level 9 of the Dungeon.
             The game lasted 00:30:35 (13514 turns).

emperorscorpion the Thaumaturge (Djinni Delver)    Turns: 13514, Time: 00:30:36

Health: -1/60      AC:  7    Str: 13    XL:     10   Next: 61%
Gold:   226        EV: 14    Int: 11    God:    Xom [......] SH:  5 Dex: 18

rFire   + + +      SeeInvis +   a - +4 trident of Xomn {freeze, SInv}
rCold   . . .      Faith    .   (no shield)
rNeg    . . .      Spirit   .   b - +0 leather armour
rPois   ∞          Reflect  +   (no helmet)
rElec   +          Harm     .   (no cloak)
rCorr   .          Rampage  .   B - +1 pair of gloves
Will    +++..                   (boots unavailable)
Stlth   +++.......              f - amulet "Poggo" {Reflect rPois SH+5}
HPRegen 0.20/turn               v - ring of protection from cold
MPRegen 0.00/turn               (no ring)

@: flying
A: sickness immunity, fire resistance 3, cold vulnerability 1, float, innate
caster, hp casting, extra vitality 1, iridescent scales 1, dopey 1, frail 1,
strong-willed 2, sense surroundings 1, electricity resistance, strong 1, noise
suppression
a: Renounce Religion


You were on level 9 of the Dungeon.
You worshipped Xom.
You were a very special plaything of Xom.
You visited 1 branch of the dungeon, and saw 9 of its levels.

You collected 551 gold pieces.
You spent 325 gold pieces at shops.

Inventory:

Hand Weapons
 a - the +4 trident of Xomn (weapon) {freeze, SInv}
   (You found it on level 5 of the Dungeon)

   It freezes those it strikes, dealing additional cold damage.
   It can also slow down cold-blooded creatures.
   SInv:      It lets you see invisible.
 o - a +1 trident
 q - a +0 spear
Missiles
 h - 8 boomerangs
 r - 34 poisoned darts (quivered)
Armour
 b - a +0 leather armour (worn)
 m - a +0 chain mail
 n - a +0 scale mail
 p - the +0 hat of Fajed {Will- rCorr Str+8 Int-5}
   (Xom gifted it to you on level 2 of the Dungeon)

   Str:       It affects your strength (+8).
   Int:       It affects your intelligence (-5).
   rCorr:     It protects you from acid and corrosion.
   Will:      It decreases your willpower.
 B - a +1 pair of gloves (worn)
Jewellery
 f - the amulet "Poggo" (around neck) {Reflect rPois SH+5}
   (You acquired it on level 4 of the Dungeon)

   [amulet of reflection]

   It reflects blocked missile attacks.
   rPois:     It protects you from poison.
   SH:        It affects your SH (+5).
 v - a ring of protection from cold (left hand)
Wands
 g - a wand of digging (3)
 w - a wand of mindburst (11)
 x - a wand of polymorph (7)
 A - a wand of iceblast (11)
Scrolls
 c - 5 scrolls of fog
 d - 4 scrolls of magic mapping
 e - 2 scrolls of fear
 i - 5 scrolls of identify
 u - 6 scrolls of teleportation
Potions
 j - 2 potions of lignification
 k - a potion of attraction
 l - a potion of might
 s - a potion of flight
 t - a potion of magic
 z - a potion of heal wounds
 C - a potion of haste
 D - a potion of curing


   Skills:
 + Level 3.8 Fighting
 + Level 2.1 Polearms
 + Level 1.3 Throwing
 + Level 4.6 Armour
 + Level 4.7 Dodging
 + Level 5.2 Stealth
 + Level 1.0 Shields
 + Level 9.5 Spellcasting


You had 18 spell levels left.
You knew the following spells:

 Your Spells              Type           Power      Damage    Failure   Level
a - Sting                 Tmut/Pois      100%       1d8       1%          1
b - Scorch                Fire           52%        2d8       1%          2
c - Teleport Other        Tloc           26%        N/A       1%          3
d - Summon Ice Beast      Ice/Summ       26%        N/A       3%          4
Your spell library was empty.

Dungeon Overview and Level Annotations

Branches:
Dungeon (9/15)             Temple (0/1) D:7
   Lair: D:8-11         Orc: D:9-12

Altars:
Elyvilon
Fedhas
Gozag
Nemelex Xobeh
Qazlal
Ru
Sif Muna
Uskayaw
Wu Jian
Xom
Yredelemnul

Shops:
D:2 =   D:7 *

Annotations:
D:2 Sigmund
D:7 exclusion: 2 doors


Innate Abilities, Weirdness & Mutations

You are immune to sickness and miasma.
You are immune to poison.
Your flesh is almost immune to the effects of heat. (rF+++)
You are vulnerable to cold. (rC-)
You float through the air rather than walking.
You learn spells naturally, not from books.
Your magical power is your life essence.
You have superior vitality. (+4 HP)
You are partially covered in iridescent scales. (AC +2)
You are dopey. (Int -2)
You are frail. (-10% HP)
You are highly strong-willed. (Will++)
You passively map a small area around you.
You are resistant to electric shocks. (rElec)
Your muscles are strong. (Str +2)
You passively dampen the noise of your surroundings.


Message History

Confirm with . or Enter, or press ? or * to list all spells.
Flames lash the acid dragon.
The acid dragon is burned terribly!
The acid dragon is moderately wounded.
Your ice beast hits the acid dragon but does no damage.
The acid dragon bites you. The acid dragon barely misses you.
Unknown command.
Casting: Scorch (safe; 1% risk of failure)
Confirm with . or Enter, or press ? or * to list all spells.
Flames lash the acid dragon.
The acid dragon is burned terribly!
The acid dragon is heavily wounded.
The acid dragon is no longer more vulnerable to fire.
Your ice beast hits the acid dragon but does no damage.
The acid dragon spits acid at you. The splash of acid hits you!!
* * * LOW HITPOINT WARNING * * *
Xom roars with laughter!
Unknown command.
You feel much better.
Your ice beast misses the acid dragon.
You block the acid dragon's attack.
The acid dragon claws you but does no damage.
Casting: Scorch (safe; 1% risk of failure)
Confirm with . or Enter, or press ? or * to list all spells.
Flames lash the acid dragon.
The acid dragon is severely wounded.
The acid dragon's fire resistance burns away.
Your ice beast barely misses the acid dragon.
The acid dragon spits acid at you. The splash of acid hits you!
* * * LOW HITPOINT WARNING * * *
Unknown command.
Casting: Scorch (safe; 1% risk of failure)
Confirm with . or Enter, or press ? or * to list all spells.
Flames lash the acid dragon.
The acid dragon is burned terribly!
The acid dragon is almost dead.
* * * LOW HITPOINT WARNING * * *
Your ice beast hits the acid dragon but does no damage.
The acid dragon bites you.
* * * LOW HITPOINT WARNING * * *
The acid dragon claws you.
You die...

* , .. . # ,
.# .# , .#.#
, , ....##
#...... , ,
##...### *
#@....b#* *
#DYb...#* ,
..##..b#
..., .. #..#
.... ... ..,
#..# ,
.##*#..##.##
#..#
..##..#..#.
, ...#
.....#.#..
...# *
#.#...... *
, , ,
#.#....#


You could see an acid dragon (agile, catching breath, combustible, ally target)
and a friendly ice beast (summoned).

Vanquished Creatures
  A two-headed ogre (D:8)
  Pikel (D:7)
  A wyvern (D:8)
  A yak (D:7)
  A basilisk (D:7)
  A water moccasin (D:5)
  2 black bears (D:5)
  An ice beast (D:7)
  A lemure (D:7)
  2 phantoms
  A kobold brigand (D:6)
  2 scorpions
  A water moccasin skeleton (D:3)
  A killer bee (D:9)
  2 howler monkeys
  6 wights
  A bullfrog zombie (D:6)
  9 hounds
  A jelly (D:5)
  2 centaur skeletons
  4 centaur zombies
  5 orc priests
  A bullfrog skeleton (D:7)
  3 iguanas
  6 orc wizards
  A killer bee zombie (D:7)
  A hound skeleton (D:5)
  A howler monkey zombie (D:9)
  4 gnolls
  7 adders
  2 white imps
  An ufetubus (D:5)
  2 adder skeletons (D:4)
  A worm (D:2)
  2 dart slugs
  16 orcs
  5 endoplasms
  A giant cockroach (D:1)
  6 goblins
  3 hobgoblins (D:1)
  9 ball pythons
  5 bats
  2 frilled lizards (D:3)
  20 kobolds
  2 rats
148 creatures vanquished.

Vanquished Creatures (collateral kills)
  A two-headed ogre (D:8)
  A kobold brigand (D:8)
  A kobold (D:8)
3 creatures vanquished.

Vanquished Creatures (others)
  A fungus (D:3)
  3 plants (D:3)
4 creatures vanquished.

Grand Total: 155 creatures vanquished

Notes
Turn   | Place    | Note
-------+----------+-------------------------------------------
     0 | D:5      | emperorscorpion the Djinni Delver began the quest for the
                  | Orb.
     0 | D:5      | Reached XP level 1. HP: 20/20 MP: 0/0
     5 | D:5      | Noticed a hound
    14 | D:5      | Noticed a hound
    51 | D:5      | Noticed a hound
    53 | D:5      | Noticed a water moccasin
    74 | D:4      | Killed a hound
    75 | D:4      | Reached XP level 2. HP: 9/25 MP: 0/0
    75 | D:4      | Reached XP level 3. HP: 11/30 MP: 0/0
    75 | D:4      | Learned a level 1 spell: Sting
   334 | D:4      | Noticed a scorpion
  1300 | D:1      | Reached XP level 4. HP: 33/35 MP: 0/0
  1467 | D:1      | Found a faded altar of an unknown god.
  1504 | D:1      | Prayed at the altar of an unknown god.
  1504 | D:1      | Became a worshipper of Xom of Unknown Intention
  1600 | D:2      | Noticed Sigmund
  1966 | D:1      | Reached skill level 1 in Spellcasting
  2016 | D:1      | XOM: divination: detect creatures
  2236 | D:1      | Reached XP level 5. HP: 15/40 MP: 0/0
  2236 | D:1      | Learned a level 2 spell: Scorch
  2494 | D:2      | Identified the +0 hat of Fajed {Will- rCorr Str+8 Int-5}
                  | (Xom gifted it to you on level 2 of the Dungeon)
  2494 | D:2      | XOM: god gift: +0 hat of Fajed {Will- rCorr Str+8 Int-5}
  2510 | D:2      | XOM: butterfly on damage
  2515 | D:2      | Reached skill level 1 in Armour
  2800 | D:2      | Found Agyikir's Jewellery Shop.
  2945 | D:2      | XOM: god gift: bubbling yellow potion {god gift}
  2947 | D:2      | Gained mutation: You are strong-willed. (Will+) [potion of
                  | mutation]
  2947 | D:2      | Gained mutation: You are dopey. (Int -2) [potion of
                  | mutation]
  2947 | D:2      | Gained mutation: You have hidden genetic potential. [potion
                  | of mutation]
  3135 | D:3      | XOM: swap monsters
  3140 | D:3      | Reached skill level 2 in Spellcasting
  3342 | D:3      | Found a blossoming altar of Fedhas.
  3347 | D:3      | Reached XP level 6. HP: 41/46 MP: 0/0
  3433 | D:3      | Found a stormy altar of Qazlal.
  4110 | D:4      | XOM: give mutations
  4110 | D:4      | Gained mutation: You are weak. (Str -2) [Xom's mischief]
  4110 | D:4      | Gained mutation: You have great hidden genetic potential.
                  | [Xom's mischief]
  4110 | D:4      | Gained mutation: You are frail. (-10% HP) [Xom's mischief]
  4113 | D:4      | Lost mutation: You are frail. (-10% HP) [potion of
                  | mutation]
  4113 | D:4      | Lost mutation: You are weak. (Str -2) [potion of mutation]
  4113 | D:4      | Lost mutation: You have great hidden genetic potential.
                  | [potion of mutation]
  4113 | D:4      | Gained mutation: You passively map a small area around you.
                  | [potion of mutation]
  4113 | D:4      | Gained mutation: You have great hidden genetic potential.
                  | [potion of mutation]
  4113 | D:4      | Gained mutation: You are partially covered in iridescent
                  | scales. (AC +2) [potion of mutation]
  4113 | D:4      | Gained mutation: Your flesh is almost immune to the effects
                  | of heat. (rF+++) [potion of mutation]
  4188 | D:4      | Gained mutation: You are resistant to electric shocks.
                  | (rElec) [hidden potential]
  4399 | D:4      | Identified a scroll of acquirement
  4400 | D:4      | Acquired the amulet "Poggo" {Reflect rPois SH+5}
  4410 | D:4      | Found a white marble altar of Elyvilon.
  4469 | D:4      | XOM: scenery: 4 doors open, 1 doors close
  4480 | D:4      | XOM: 1-stop teleportation journey
  4828 | D:4      | Reached skill level 3 in Spellcasting
  5026 | D:4      | XOM: give mutation
  5026 | D:4      | Gained mutation: You are frail. (-10% HP) [Xom's mischief]
  5180 | D:4      | Found a sparkling altar of Nemelex Xobeh.
  5238 | D:4      | XOM: scenery: 2 doors open, 2 doors close
  5241 | D:4      | Reached XP level 7. HP: 41/45 MP: 0/0
  5241 | D:4      | Learned a level 3 spell: Teleport Other
  5457 | D:4      | XOM: god gift: 54 gold pieces
  5703 | D:5      | XOM: 6-stop teleportation journey
  5825 | D:5      | Killed a water moccasin
  5825 | D:5      | Gained mutation: Your muscles are strong. (Str +2) [hidden
                  | potential]
  5825 | D:5      | Lost mutation: You have great hidden genetic potential.
                  | [hidden potential expressed]
  5952 | D:5      | Reached skill level 5 in Stealth
  5952 | D:5      | Reached skill level 4 in Spellcasting
  5952 | D:5      | Reached XP level 8. HP: 42/50 MP: 0/0
  5957 | D:5      | Identified the +4 trident of Xomn {freeze, SInv}
  6025 | D:5      | XOM: confuse monster(s)
  6038 | D:5      | Gained mutation: You passively dampen the noise of your
                  | surroundings. [hidden potential]
  6101 | D:4      | XOM: scenery: 2 doors open
  6315 | D:5      | Reached skill level 5 in Spellcasting
  6360 | D:5      | XOM: scenery: create altars
  6530 | D:5      | XOM: silly message
  7221 | D:6      | Found an opulent altar of Gozag.
  7607 | D:5      | XOM: god gift: 3 scrolls of teleportation
  7675 | D:6      | Reached skill level 6 in Spellcasting
  7751 | D:6      | XOM: summons friendly ufetubus
  7851 | D:6      | XOM: 1-stop teleportation journey
  7861 | D:6      | Reached XP level 9. HP: 26/54 MP: 0/0
  7861 | D:6      | Learned a level 4 spell: Summon Ice Beast
  8053 | D:6      | Found a sacrificial altar of Ru.
  8133 | D:6      | Gained mutation: You are highly strong-willed. (Will++)
                  | [hidden potential]
  8133 | D:6      | Lost mutation: You have hidden genetic potential. [hidden
                  | potential expressed]
  8199 | D:6      | XOM: silly message
  8393 | D:2      | Bought a ring of protection from cold for 325 gold pieces
  8561 | D:6      | Found a basalt altar of Yredelemnul.
  8575 | D:6      | XOM: enchant monster (bad)
  8788 | D:6      | Found a hide-covered altar of Uskayaw.
  9130 | D:7      | XOM: 3-stop teleportation journey
  9147 | D:7      | Noticed Pikel
  9177 | D:7      | Reached skill level 7 in Spellcasting
  9396 | D:7      | Found a staircase to the Ecumenical Temple.
  9512 | D:7      | XOM: divination: detect creatures
  9621 | D:7      | Noticed a boulder beetle
  9897 | D:7      | XOM: summons 2 hostile shadow creatures
 10415 | D:7      | XOM: confusion
 10416 | D:7      | XOM: summons 8 friendly demons
 10420 | D:7      | Killed Pikel
 10421 | D:7      | Reached skill level 8 in Spellcasting
 10584 | D:7      | XOM: 2-stop teleportation journey
 10591 | D:7      | Found Ygidd's Neck Hole.
 11506 | D:8      | Noticed a two-headed ogre
 11513 | D:8      | XOM: chaos upgrade
 11518 | D:8      | XOM: noise
 11519 | D:8      | XOM: confusion
 11522 | D:8      | Killed a two-headed ogre
 11523 | D:8      | Reached skill level 1 in Shields
 11523 | D:8      | Reached XP level 10. HP: 53/60 MP: 0/0
 11529 | D:8      | Reached skill level 1 in Throwing
 11588 | D:8      | XOM: torment (25/60 hp)
 12010 | D:8      | Found an ornate altar of the Wu Jian Council.
 12067 | D:8      | Reached skill level 9 in Spellcasting
 12362 | D:8      | Noticed a two-headed ogre
 12365 | D:8      | XOM: cleaving
 12380 | D:8      | Killed a two-headed ogre
 13099 | D:8      | XOM: summons 1 hostile shadow creature
 13114 | D:8      | XOM: polymorph ice beast -> ogre
 13507 | D:9      | XOM: enchant monster (bad)
 13507 | D:9      | XOM: butterfly on damage
 13511 | D:9      | HP: 1/60 [acid dragon/splash of acid (26)]
 13514 | D:9      | Slain by an acid dragon

Illustrated notes

Levels and vault maps discovered:
D:1:      dpeg_arrival_houses_and_road, layout_basic, basic_ecumenical_altar
D:2:      layout_rooms, serial_shops, nicolae_lakefront_shop, uniq_sigmund
D:3:      layout_loops_ring, grunt_temple_overflow_forces_of_nature
D:4:      layout_gridville, minitemple, st_stairs_13, minmay_stone_trees_large
D:5:      layout_basic, minivault_24
D:6:      layout_basic, nicolae_ru_awakened_eye, grunt_gozag_breadcrumbs,
          minmay_overflow_temple_star_quad
D:7:      minmay_chambers_of_sixes, layout_layer_cave,
          minmay_temple_entry_statues_fountains,
          nicolae_shop_sticking_my_neck_out, uniq_pikel
D:8:      layout_basic, kennysheep_little_box
D:9:      layout_rooms, mainiacjoe_overflow_alcove_4, old_standard_altar

Skill      XL: |  1  2  3  4  5  6  7  8  9 10 |
---------------+-------------------------------+-----
Spellcasting   | 1 2 3 4 6 8 9 |  9.5
Armour         | 1 2 4 |  4.6
Dodging        | 3 4 |  4.7
Stealth        | 5 |  5.2
Polearms       | 2 |  2.1
Shields        | 1 |  1.0
Throwing       | 1 |  1.3
Fighting       | |  3.8

Action                   |  1- 3 |  4- 6 |  7- 9 | 10-12 || total
-------------------------+-------+-------+-------+-------++-------
Melee: Spear             |    33 |    22 |       |       ||    55
       Trident           |       |       |     5 |     9 ||    14
Throw: Dart              |       |       |    13 |     3 ||    16
       Boomerang         |       |       |     2 |       ||     2
 Cast: Sting             |    18 |    26 |       |       ||    44
       Scorch            |       |    64 |   192 |    62 ||   318
       Summon Ice Beast  |       |       |     3 |     7 ||    10
       Teleport Other    |       |       |     1 |       ||     1
  Use: Potion            |     1 |     8 |     2 |     1 ||    12
       Scroll            |       |     5 |     5 |     4 ||    14
 Stab: Sleeping          |     2 |       |     1 |       ||     3
Armor: Leather armour    |    13 |    30 |    25 |    12 ||    80
       Skin              |       |    12 |       |       ||    12
Dodge: Dodged            |    35 |    67 |    58 |    22 ||   182
Block: Other             |       |       |    20 |     7 ||    27
       Reflection        |       |       |       |     1 ||     1

Table legend: (Time is in decaauts)
 A = Elapsed time spent in this place.
 B = Non-inter-level travel time spent in this place.
 C = Inter-level travel time spent in this place.
 D = Time resting spent in this place.
 E = Time spent auto-exploring this place.
 F = Levels seen in this place.
 G = Mean time per level.
                   A        B        C        D        E       F      G
               +--------+--------+--------+--------+--------+-----+--------+
         Total |  13516 |  12684 |    832 |   1378 |   9835 |   9 | 1501.8 |
       Dungeon |  13516 |  12684 |    832 |   1378 |   9835 |   9 | 1501.8 |
               +--------+--------+--------+--------+--------+-----+--------+

Top non-repeatable levels by time:
     D:7: 2578 daAuts
     D:4: 2349 daAuts
     D:1: 1679 daAuts
     D:8: 1612 daAuts
     D:6: 1560 daAuts
     D:5: 1514 daAuts
     D:2: 1153 daAuts
     D:3: 977 daAuts
     D:9: 89 daAuts
